 Dungeon Crawl Stone Soup version 0.25.1-2-g60ff931df9 (webtiles) character file.

Game seed: 10054693346678256088

72 selver the Stinger (level 4, -2/40 HPs)
             Began as an Octopode Venom Mage on Oct 28, 2020.
             Slain by a centaur skeleton (5 damage)
             ... on level 2 of the Dungeon.
             The game lasted 00:05:08 (1833 turns).

selver the Stinger (Octopode Venom Mage)            Turns: 1833, Time: 00:05:09

Health: -2/40      AC:  1    Str:  5 (8)  XL:     4   Next: 26%
Magic:  8/8        EV: 13    Int: 15 (17) God:
Gold:   145        SH:  0    Dex: 11 (12) Spells: 5/8 levels left

rFire    . . .     SeeInvis .   a - +0 dagger
rCold    + . .     Gourm    .   (no shield)
rNeg     . . .     Faith    .   (helmet restricted)
rPois    +         Spirit   .   (no amulet)
rElec    .         Reflect  .   d - ring of poison resistance
rCorr    .         Harm     .   i - ring of protection from cold
MR       .....                  (no ring)
Stlth    ..........             (no ring)
HPRegen  0.13/turn              (no ring)
MPRegen  0.11/turn              (no ring)
                                (no ring)
                                (no ring)

@: berserking, very quick
A: almost no armour, stealthy swim, amphibious, 8 rings, constrict 8, camouflage
1, gelatinous body 1
a: no special abilities


You were on level 2 of the Dungeon.
You were not hungry.

You visited 1 branch of the dungeon, and saw 2 of its levels.

You collected 145 gold pieces.

Inventory:

Hand Weapons
 a - a +0 dagger (weapon)
Jewellery
 d - a ring of poison resistance (left tentacle)
 i - a ring of protection from cold (right tentacle)
Wands
 n - a wand of disintegration (7)
Scrolls
 c - a scroll of remove curse {unknown}
 e - 2 scrolls of amnesia {unknown}
 f - a scroll of identify {unknown}
 h - a scroll of magic mapping {unknown}
 l - a scroll of fog {unknown}
 m - 2 scrolls of teleportation {unknown}
Potions
 g - a potion of degeneration
 o - a potion of curing {unknown}
Comestibles
 b - 6 rations
 k - a chunk of flesh


   Skills:
 - Level 2.0 Dodging
 - Level 2.6 Stealth
 + Level 2.7 Spellcasting
 + Level 1.6 Transmutations
 * Level 5.1 Poison Magic


You had 5 spell levels left.
You knew the following spells:

 Your Spells              Type           Power        Failure   Level  Hunger
a - Sting                 Tmut/Pois      ##..         4%          1    #......
b - Poisonous Vapours     Pois/Air       #.....       11%         2    ##.....

Your spell library contained the following spells:

 Spells                   Type           Power        Failure   Level  Hunger
 Ignite Poison            Fire/Tmut/Pois #.......     24%         3    ###....
 Olgreb's Toxic Radiance  Pois           ###.....     26%         4    #####..
 Mephitic Cloud           Conj/Pois/Air  #.......     30%         3    ###....


Dungeon Overview and Level Annotations

Branches:
Dungeon (2/15)

Altars:
Uskayaw


Innate Abilities, Weirdness & Mutations

You cannot wear most types of armour.
You are very stealthy in the water. (Stealth+)
You are amphibious.
You can wear up to eight rings at the same time.
You can use your tentacles to constrict eight enemies at once.
Your skin changes colour to match your surroundings (Stealth+).
Your rubbery body absorbs attacks. (AC +1, EV +1)


Message History

The centaur skeleton is lightly damaged.
The centaur skeleton hits you.
You hit the centaur skeleton. You squeeze the centaur skeleton.
The centaur skeleton is moderately damaged.
The centaur skeleton hits you.
The centaur skeleton completely misses you.
The centaur skeleton misses you. The centaur skeleton hits you.
* * * LOW HITPOINT WARNING * * *
It was a potion of degeneration.
There was something very wrong with that liquid.
You feel weakened.
You feel dopey.
You feel clumsy. The centaur skeleton hits you!
* * * LOW HITPOINT WARNING * * *
The centaur skeleton misses you.
It was a potion of berserk rage.
A red film seems to cover your vision as you go berserk!
You feel yourself moving faster!
You feel mighty! The centaur skeleton hits you.
You die...

#.#...##.##..
#.#...#..##..
#.#...#......
######.#...#.###.#
#............# #.#
###.####.####..###.#
#.......>...........
#.#.####.####..###.#
#.#@...........# #.#
#.#Z.###.####..# #.#
#.#..# #.## #..# #.#
#.#..# #... .... ...
###.#..###.####..#
#.# #............
.... ...
###.#........ ...
#.# #.#..###... ....
#.# #.#..# %...
....##.#


You could see a centaur skeleton.

Vanquished Creatures
  A gnoll (D:1)
  2 adders (D:2)
  4 dart slugs (D:1)
  2 leopard geckos
  4 bats
  A giant cockroach (D:1)
  5 goblins (D:1)
  3 hobgoblins
  A quokka (D:2)
  2 frilled lizards
  3 kobolds
  12 rats (D:1)
40 creatures vanquished.

Notes
Turn   | Place    | Note
-------+----------+-------------------------------------------
     0 | D:1      | selver the Octopode Venom Mage began the quest for the Orb.
     0 | D:1      | Reached XP level 1. HP: 11/11 MP: 3/3
   221 | D:1      | Reached skill level 4 in Poison Magic
   258 | D:1      | Reached XP level 2. HP: 17/17 MP: 1/5
   309 | D:1      | Learned a level 2 spell: Poisonous Vapours
   562 | D:1      | Reached XP level 3. HP: 21/21 MP: 6/6
  1305 | D:2      | Reached skill level 5 in Poison Magic
  1305 | D:2      | Reached XP level 4. HP: 20/27 MP: 5/7
  1384 | D:2      | Found a hide-covered altar of Uskayaw.
  1384 | D:2      | Noticed a +0 dagger
  1384 | D:2      | Noticed a +0 hand axe
  1833 | D:2      | Slain by a centaur skeleton

Illustrated notes

Levels and vault maps discovered:
D:1:      minmay_arrival_four_houses, layout_basic, minmay_rat_gold_closets
D:2:      layout_basic, dancing_weapons_uskayaw, first_ration

Skill      XL: |  1  2  3 |
---------------+----------+-----
Poison Magic   | 4 5 |  5.1
Dodging        | |  2.0
Stealth        | |  2.6
Spellcasting   | |  2.7
Transmutations | |  1.6

Action                   |  1- 3 |  4- 6 || total
-------------------------+-------+-------++-------
Melee: Constrict         |    20 |     3 ||    23
       Tentacles         |     7 |     1 ||     8
       Unarmed           |     2 |       ||     2
       Dagger            |    60 |    17 ||    77
 Cast: Sting             |    10 |       ||    10
       Poisonous Vapours |     2 |       ||     2
  Use: Potion            |       |     2 ||     2
 Stab: Sleeping          |     9 |     2 ||    11
       Distracted        |       |     1 ||     1
  Eat: Chunk             |     1 |     2 ||     3
Armor: Skin              |     4 |     4 ||     8
Dodge: Dodged            |    30 |    14 ||    44
